 Dungeon Crawl Stone Soup version 0.31-a0-744-gbc345e7fcb (webtiles) character file.

Game seed: 3334316078023289915

21 ytrimaz the Ruffian (level 2, -6/18 HPs)
             Began as an Octopode Shapeshifter on Sept 13, 2023.
             Mangled by a sleepcap (14 damage)
             ... on level 2 of the Dungeon.
             The game lasted 00:00:59 (875 turns).

ytrimaz the Ruffian (Octopode Shapeshifter)          Turns: 875, Time: 00:01:00

Health: -6/18      AC:  1    Str: 13    XL:     2   Next: 87%
Magic:  2/2        EV:  2    Int: 12    God:
Gold:   68         SH:  0    Dex: 11    Spells: 1/1 levels left

rFire   . .          .
                       - Unarmed
rCold   . . .        (no shield)
rNeg    . . .        (helmet currently unavailable)
rPois   .            (no amulet)
rElec   .            (no ring)
rCorr   .            (no ring)
SInv    .            (no ring)
Will    .....        (no ring)
Stlth   ++           (no ring)
HPRegen 0.23/turn    (no ring)
MPRegen 0.08/turn    (no ring)
                     (no ring)

%: no passive effects
@: beast-form, sleeping
A: beast (slay +1), almost no armour, amphibious, 8 rings, camouflage 1,
gelatinous body 1, (nimble swimmer 1), tentacles
a: Begin Untransformation


You were on level 2 of the Dungeon.
You were a hulking beast.
You visited 1 branch of the dungeon, and saw 2 of its levels.

You collected 68 gold pieces.


Innate Abilities, Weirdness & Mutations

You are a hulking beast.
Your limbs bulge with bestial killing power. (Slay +1)
You cannot wear most types of armour.
You are amphibious.
You can wear up to eight rings at the same time.
Your skin changes colour to match your surroundings (Stealth+).
Your rubbery body absorbs attacks. (AC +1, EV +1)
((You are camouflaged when in or above water. (Stealth+)))
You have tentacles for arms and can constrict up to eight enemies at once.


   Skills:
 - Level 1.0 Fighting
 + Level 2.5 Dodging
 + Level 3.3 Unarmed Combat
 + Level 3.2 Shapeshifting


You had one spell level left.
You didn't know any spells.
Your spell library was empty.

Inventory:

Missiles
 f - a throwing net
Talismans
 b - a beast talisman (active)
 c - a flux talisman
Scrolls
 d - 3 scrolls of identify {unknown}
 e - a scroll of fear {unknown}
 g - a scroll of noise {unknown}
 i - a scroll of revelation {unknown}
 j - a scroll of enchant weapon {unknown}
 k - a scroll of teleportation {unknown}
Potions
 a - a potion of lignification
 h - a potion of heal wounds {unknown}

Dungeon Overview and Level Annotations

Branches:
Dungeon (2/15) Zot: 11126

Altars:

..#......##..............#
#.###
..######.######.##########
#.... .## #.# ##### . #.#
. #†# . .######.#
......$.#####
######......+ #.....h..##
#......f..+ #.........#
#.........# #.........#
#######+#.# .# .#


You could see a sleepcap.


Message History

A bat is nearby!
Unknown command.
You bludgeon the bat!
You kill the bat!
Unknown command.
No target in view!
No target in view!
No target in view!
A kobold comes into view. It is wielding a +0 short sword.
A kobold is nearby!
A kobold is nearby!
Unknown command.
A kobold is nearby!
The helpless kobold fails to defend itself.
You bludgeon the kobold!
You kill the kobold!
Unknown command.
No target in view!
You see here a +0 short sword.
No target in view!
Key pressed, stopping explore.
No target in view!
Unknown command.
A worm comes into view.
A worm is nearby!
A worm is nearby!
You tentacle-slap the worm. You grab the worm. You squeeze the worm.
You constrict the worm. The worm bites you. 😕 HP[-2]
You take 2 damage, and now have 16/18 hp.
You tentacle-slap the worm. You constrict the worm. The worm bites you!
* * * LOW HITPOINT WARNING * * *
😨 HP[-7]
You take 7 damage, and now have 9/18 hp.
MASSIVE DAMAGE!! (PAUSE)
You tentacle-slap the worm. You squeeze the worm!
You kill the worm!
You are too injured to fight recklessly!
You see here a worm corpse. 😮 HP[+1] Unknown command.
Found a stone staircase leading up. 😎 HP[+8]
Your hp is fully restored (18).
Found a stone staircase leading down.
You now have 39 gold pieces (gained 4).
You now have 58 gold pieces (gained 19).
You now have 68 gold pieces (gained 10).
Found a stone staircase leading up.
You see here a +0 dagger.
Found an escape hatch in the ceiling.
There is a stone staircase leading up here.
i - a scroll labelled ZUMYSO SODUUNLUF
j - a scroll labelled QAT XOCRAMPYM
k - a scroll labelled ZANOM USCHI No target in view!
A quokka comes into view.
Unknown command.
A quokka is nearby!
A quokka is nearby!
A quokka is nearby!
A quokka is nearby!
The quokka barely misses you.
You tentacle-slap the quokka. Your grab misses the quokka.
You squeeze the quokka.
You kill the quokka!
No target in view!
Unknown command.
You see here a quokka corpse.
No target in view!
A sleepcap comes into view.
Unknown command.
A sleepcap is nearby!
A sleepcap is nearby!
The sleepcap closely misses you.
You tentacle-slap the sleepcap but do no damage.
You grab the sleepcap. You squeeze the sleepcap. You constrict the sleepcap.
The sleepcap completely misses you.
You tentacle-slap the sleepcap but do no damage.
You squeeze the sleepcap, but do no damage.
You constrict the sleepcap.
The sleepcap releases spores at you. 😮 HP[-6]
You take 6 damage, and now have 12/18 hp.
MASSIVE DAMAGE!! (PAUSE)
You tentacle-slap the sleepcap but do no damage.
You squeeze the sleepcap, but do no damage.
You constrict the sleepcap.
The sleepcap barely misses you. 😮 HP[+1]
You are too injured to fight recklessly!
You tentacle-slap the sleepcap. You constrict the sleepcap.
The sleepcap closely misses you.
You tentacle-slap the sleepcap. You constrict the sleepcap.
The sleepcap releases spores at you.
* * * LOW HITPOINT WARNING * * *
You are engulfed in a cloud of soporific spores!
You fall asleep.
You lose your grip on the sleepcap.
The sleepcap releases spores at you!
Ouch! That really hurt!
You die...

Action                     || total
---------------------------++-------
  Melee: Unarmed           ||    34
         Constrict         ||     8
         Tentacles         ||    10
         Punch             ||     1
   Stab: Sleeping          ||     4
 Armour: Skin              ||    14
  Dodge: Dodged            ||    12

Levels and vault maps discovered:
D:1:      matt_arrival_spirals, layout_rooms
D:2:      minmay_angry_zag, layout_basic, basic_altar, moated_statue,
          minivault_14, minmay_strange_pillars, minivault_24

Notes
Turn   | Place    | Note
-------+----------+-------------------------------------------
     0 | D:1      | ytrimaz the Octopode Shapeshifter began the quest for the
                  | Orb.
     0 | D:1      | Reached XP level 1. HP: 13/13 MP: 1/1
     0 | D:1      | magus.rc [v1.9.6]
   307 | D:1      | Reached XP level 2. HP: 14/18 MP: 2/2
   875 | D:2      | Mangled by a sleepcap

Vanquished Creatures
  A worm (D:2)
  2 ball pythons (D:1)
  A bat (D:2)
  An endoplasm (D:1)
  3 hobgoblins (D:1)
  2 jackals (D:1)
  A quokka (D:2)
  3 kobolds
  3 rats (D:1)
17 creatures vanquished.

Table legend:
 A = Non-vault XP
 B = Vault XP
 C = Vault XP percentage of total XP
 D = Non-vault monster count
 E = Vault monster count
 F = Vault count percentage of total count
                 A         B        C        D         E       F
            +---------+---------+-------+---------+---------+-------
      Total |      31 |       0 |   0.0 |      17 |       0 |   0.0
            +---------+---------+-------+---------+---------+-------
        D:1 |      20 |       0 |   0.0 |      13 |       0 |   0.0
        D:2 |      11 |       0 |   0.0 |       4 |       0 |   0.0
            +---------+---------+-------+---------+---------+-------

Action                     || total
---------------------------++-------
  Melee: Unarmed           ||    34
         Constrict         ||     8
         Tentacles         ||    10
         Punch             ||     1
   Stab: Sleeping          ||     4
 Armour: Skin              ||    14
  Dodge: Dodged            ||    12

Illustrated notes

Table legend:
 A = Kills in this place as a percentage of kills in the entire game.
 B = Kills by you in this place as a percentage of kills by you in the entire game.
 C = Kills by friends in this place as a percentage of kills by friends in the entire game.
 D = Other kills in this place as a percentage of other kills in the entire game.
 E = Experience gained in this place as a percentage of experience gained in the entire game.
 F = Experience gained in this place divided by the number of levels of this place that you have seen.
                   A       B       C       D       E      F
               +-------+-------+-------+-------+-------+----------------------
         Total | 100.0 | 100.0 |   N/A |   N/A | 100.0 |  15.5
       Dungeon | 100.0 | 100.0 |   N/A |   N/A | 100.0 |  15.5
               +-------+-------+-------+-------+-------+----------------------

Table legend: (Time is in decaauts)
 A = Elapsed time spent in this place.
 B = Non-inter-level travel time spent in this place.
 C = Inter-level travel time spent in this place.
 D = Time resting spent in this place.
 E = Time spent auto-exploring this place.
 F = Levels seen in this place.
 G = Mean time per level.
                   A        B        C        D        E       F      G
               +--------+--------+--------+--------+--------+-----+--------+
         Total |    872 |    850 |     22 |      0 |    696 |   2 |  436.0 |
       Dungeon |    872 |    850 |     22 |      0 |    696 |   2 |  436.0 |
               +--------+--------+--------+--------+--------+-----+--------+

Top non-repeatable levels by time:
     D:1: 656 daAuts
     D:2: 215 daAuts
